[Event "December 12 Early 2023"]
[Site "https://www.chess.com"]
[Date "2023.12.12"]
[Round "1"]
[White "Skibbe, Willi"]
[Black "Vestby-Ellingsen, Mads"]
[Result "1-0"]
[Board "182"]
[TimeControl "180+1"]
[WhiteFideId "4682190"]
[BlackFideId "1520857"]
[WhiteElo "2273"]
[BlackElo "2591"]
[WhiteTeam "GER"]
[BlackTeam "NOR"]
[WhiteClock "0:00:14"]
[BlackClock "0:00:00"]

1. e4 e5 2. Nc3 Nf6 3. Bc4 Nxe4 4. Qh5 Nd6 5. Bb3 Be7 6. Qxe5 O-O 7. Nf3 Re8 8. O-O Bf6 9. Qg3 Ne4 10. Nxe4 Rxe4 11. d3 Re7 12. Bg5 Bxg5 13. Nxg5 d5 14. Rae1 c6 15. Qh4 h6 16. Nh7 Be6 17. f4 Re8 18. Qg3 Kxh7 19. f5 Bc8 20. f6 g6 21. c4 Be6 22. cxd5 cxd5 23. Rf4 Nc6 24. Ref1 Qb6+ 25. Kh1 Nd4 26. Rh4 Rh8 27. Rxh6+ Kg8 28. Rxh8+ Kxh8 29. Qh4+ Kg8 30. Qh6 Nf5 31. Rxf5 1-0

[Event "December 12 Early 2023"]
[Site "https://www.chess.com"]
[Date "2023.12.12"]
[Round "1"]
[White "Kopczynski, Michal"]
[Black "Cardozo Munar, Carlos Eduardo"]
[Result "0-1"]
[Board "183"]
[TimeControl "180+1"]
[WhiteFideId "1124200"]
[BlackFideId "4409477"]
[WhiteElo "2590"]
[BlackElo "2268"]
[WhiteTeam "POL"]
[BlackTeam "COL"]
[WhiteClock "0:00:00"]
[BlackClock "0:00:35"]

1. e4 e6 2. d4 d5 3. Nc3 Nf6 4. e5 Nfd7 5. f4 c5 6. dxc5 Nc6 7. Nf3 Bxc5 8. Bd3 O-O 9. Bxh7+ Kxh7 10. Ng5+ Kg6 11. Qg4 f5 12. Qg3 Qe7 13. Qh4 Ndxe5 14. fxe5 Nxe5 15. Bf4 Nf7 16. Qh7+ Kf6 17. Nxf7 Kxf7 18. O-O-O Bd7 19. Rhe1 Rh8 20. Nxd5 Rxh7 21. Nxe7 Kxe7 22. Bg5+ Ke8 23. h3 Be7 24. Bf4 Rh4 25. Be5 Bf6 26. Bg3 Re4 27. Rxe4 fxe4 28. c3 Bc6 29. Bc7 Rc8 30. Bf4 Rd8 31. Re1 a6 32. Kc2 Kf7 33. g4 Rd3 34. Be3 Bb5 35. g5 Be5 36. h4 Kg6 37. Bd2 e3 38. Bxe3 Bg3 39. Re2 Rxc3+ 40. Kxc3 Bxe2 41. Kd4 Bxh4 42. Ke5 Bxg5 43. Bb6 Bc4 44. b3 Bd5 45. Bc7 Bf6+ 46. Kf4 Kf7 47. Ke3 g5 48. Kf2 Kg6 49. Kg3 Kf5 50. Kf2 g4 51. Kg3 Be5+ 52. Kf2 Bxc7 0-1

[Event "December 12 Early 2023"]
[Site "https://www.chess.com"]
[Date "2023.12.12"]
[Round "1"]
[White "Santos, Rafael Ventura Dos"]
[Black "Jaiveer Mahendru"]
[Result "1/2-1/2"]
[Board "184"]
[TimeControl "180+1"]
[WhiteFideId "2122227"]
[BlackFideId "25611151"]
[WhiteElo "2259"]
[BlackElo "2590"]
[WhiteTeam "BRA"]
[BlackTeam "IND"]
[WhiteClock "0:00:16"]
[BlackClock "0:00:34"]

1. e4 e6 2. d4 d5 3. Nd2 c5 4. exd5 exd5 5. Bb5+ Bd7 6. Qe2+ Be7 7. Bxd7+ Nxd7 8. dxc5 Nxc5 9. Ngf3 Nf6 10. O-O O-O 11. Nb3 Nce4 12. h3 Rc8 13. c3 Re8 14. Be3 Bd6 15. Qd3 Bb8 16. Nbd4 a6 17. Ne2 h6 18. Bf4 Ba7 19. Ned4 Nc5 20. Qd1 Nfe4 21. Re1 Qf6 22. Be3 Bb8 23. Ne2 Rcd8 24. Qd4 Qg6 25. Nf4 Qf5 26. Nd3 Ne6 27. Qa4 Nxc3 28. bxc3 Qxd3 29. Rad1 Qf5 30. Qb3 b5 31. a4 bxa4 32. Qxa4 Rd6 33. Qxe8+ Kh7 34. Qxb8 Rc6 35. Qe5 Qg6 36. Qxd5 Rxc3 37. Ne5 Qf5 38. f4 Nxf4 39. Bxf4 Qxf4 40. Qe4+ Qxe4 41. Rxe4 f6 42. Nf3 f5 43. Ra4 Kg6 44. Rd6+ Kh5 45. Raxa6 Rc1+ 46. Kh2 f4 47. Rg6 Rd1 48. Rxg7 Rh1+ 49. Kxh1 1/2-1/2

[Event "December 12 Early 2023"]
[Site "https://www.chess.com"]
[Date "2023.12.12"]
[Round "1"]
[White "Gong, Qianyun"]
[Black "Daroczi, Donat"]
[Result "0-1"]
[Board "185"]
[TimeControl "180+1"]
[WhiteFideId "8602425"]
[BlackFideId "788376"]
[WhiteElo "2589"]
[BlackElo "2253"]
[WhiteTeam "SGP"]
[BlackTeam "HUN"]
[WhiteClock "0:00:17"]
[BlackClock "0:00:05"]

1. e4 Nc6 2. Nf3 d6 3. d4 g6 4. Nc3 Bg7 5. h3 e5 6. d5 Nd4 7. Be3 Nxf3+ 8. Qxf3 Ne7 9. g4 O-O 10. Rg1 c6 11. O-O-O cxd5 12. exd5 f5 13. gxf5 Nxf5 14. Bg5 Qa5 15. Qd3 Nd4 16. Qc4 Rxf2 17. Bd3 Bf5 18. Be3 Bxd3 19. cxd3 Rc2+ 20. Kb1 Rh2 21. Bxd4 exd4 22. Ne4 Qb6 23. b3 a5 24. Rc1 a4 25. b4 a3 26. Ka1 Qd8 27. Rgf1 Qh4 28. Nxd6 Qg3 29. Qc8+ Rxc8 30. Rxc8+ Bf8 31. Rcxf8+ Kg7 32. R8f7+ Kh6 33. R7f6 Qg2 34. Nf5+ Kg5 35. Rxg6+ hxg6 36. Rf2 Qg1+ 37. Rf1 Qxf1# 0-1

[Event "December 12 Early 2023"]
[Site "https://www.chess.com"]
[Date "2023.12.12"]
[Round "1"]
[White "Minina, Veronika"]
[Black "Tasev, Dejan"]
[Result "0-1"]
[Board "186"]
[TimeControl "180+1"]
[WhiteFideId "4174780"]
[BlackFideId "936618"]
[WhiteElo "2251"]
[BlackElo "2587"]
[WhiteTeam "RUS"]
[BlackTeam "SRB"]
[WhiteClock "0:00:00"]
[BlackClock "0:00:50"]

1. Nf3 Nf6 2. g3 g6 3. Bg2 Bg7 4. c4 O-O 5. O-O b6 6. d4 Bb7 7. Nc3 e6 8. b3 d5 9. Bb2 c6 10. Qd3 Nbd7 11. e4 dxe4 12. Nxe4 Nxe4 13. Qxe4 Nf6 14. Qe2 c5 15. Rad1 Qc7 16. dxc5 Qxc5 17. Rd3 Rad8 18. Rfd1 Rxd3 19. Rxd3 Qc8 20. Qd1 Be4 21. Rd6 Qb7 22. Ba3 Re8 23. Rd8 h6 24. Rxe8+ Nxe8 25. Qd8 Qc6 26. Nh4 Bxg2 27. Nxg2 Kh7 28. Nf4 Nf6 29. Bb2 Ng4 30. Bxg7 Kxg7 31. h3 Ne5 32. Qd4 f6 33. Kf1 g5 34. Nd3 Qh1+ 35. Ke2 Qf3+ 36. Kd2 Nxd3 37. Qxd3 Qxf2+ 38. Kc3 Qe1+ 39. Kc2 Qe5 40. Qd7+ Kg6 41. Qe8+ Kf5 42. g4+ Kf4 43. Qa8 Qe4+ 44. Qxe4+ Kxe4 0-1

[Event "December 12 Early 2023"]
[Site "https://www.chess.com"]
[Date "2023.12.12"]
[Round "1"]
[White "Cremisi, Daniel"]
[Black "Ratnesan, Ranesh"]
[Result "1-0"]
[Board "187"]
[TimeControl "180+1"]
[WhiteFideId "2089882"]
[BlackFideId "439339"]
[WhiteElo "2585"]
[BlackElo "2243"]
[WhiteTeam "USA"]
[BlackTeam "ENG"]
[WhiteClock "0:01:27"]
[BlackClock "0:00:05"]

1. d4 d5 2. c4 e6 3. Nc3 Nf6 4. cxd5 exd5 5. Bg5 c6 6. e3 Be7 7. Bd3 Nbd7 8. Qc2 h6 9. Bh4 Nh5 10. Bxe7 Qxe7 11. Nge2 Nb6 12. O-O O-O 13. Rab1 a5 14. b3 Bd7 15. Qb2 Nc8 16. a3 Nd6 17. b4 axb4 18. axb4 b5 19. Ra1 f5 20. Nf4 Nxf4 21. exf4 Ne4 22. f3 Nd6 23. Rfe1 Qf6 24. Re5 Nf7 25. Ne2 Rxa1+ 26. Qxa1 Nxe5 27. dxe5 Qe7 28. Qa5 Qd8 29. Qa7 Bc8 30. Nd4 Qd7 31. Qc5 Bb7 32. e6 Qe8 33. Bxf5 Rf6 34. Bh3 Rxf4 35. e7 Kh8 36. Qd6 Rf7 37. Nf5 Bc8 38. Qd8 Bd7 39. Nd6 Rxe7 40. Nxe8 Re1+ 41. Kf2 Rxe8 42. Qxd7 1-0

[Event "December 12 Early 2023"]
[Site "https://www.chess.com"]
[Date "2023.12.12"]
[Round "1"]
[White "Mishra, Manoj"]
[Black "Stepanencu, Nicodim-Cosmin"]
[Result "1-0"]
[Board "188"]
[TimeControl "180+1"]
[WhiteFideId "5006007"]
[BlackFideId "1256220"]
[WhiteElo "2238"]
[BlackElo "2584"]
[WhiteTeam "IND"]
[BlackTeam "ROU"]
[WhiteClock "0:01:50"]
[BlackClock "0:01:04"]

1. d4 Nf6 2. Nc3 e6 3. Bf4 d5 4. e3 Bd6 5. Bg3 O-O 6. Nf3 c5 7. Ne5 Nc6 8. Nb5 Bxe5 9. dxe5 Ne4 10. Bd3 Qa5+ 11. c3 Nxg3 12. Bxh7+ Kh8 13. hxg3 g6 14. Bxg6+ Kg7 15. Rh7+ Kg8 16. Qh5 1-0

[Event "December 12 Early 2023"]
[Site "https://www.chess.com"]
[Date "2023.12.12"]
[Round "1"]
[White "Assylov, Miras"]
[Black "Deveci, Huseyin Said"]
[Result "1-0"]
[Board "189"]
[TimeControl "180+1"]
[WhiteFideId "13728873"]
[BlackFideId "26322455"]
[WhiteElo "2580"]
[BlackElo "2236"]
[WhiteTeam "KAZ"]
[BlackTeam "TUR"]
[WhiteClock "0:01:18"]
[BlackClock "0:01:11"]

1. b3 c5 2. Bb2 Nc6 3. c4 Nf6 4. Nf3 d5 5. cxd5 Nxd5 6. g3 Bf5 7. Bg2 e6 8. O-O Nf6 9. d3 Rc8 10. Nbd2 Be7 11. h3 h6 12. Rc1 O-O 13. Nc4 Bh7 14. Qc2 Nd5 15. Qb1 Bf6 16. Nce5 Nxe5 17. Nxe5 b6 18. Qa1 Re8 19. Rfd1 h5 20. h4 Bf5 21. Bf3 Bg4 22. Nxg4 hxg4 23. Bxg4 Bxb2 24. Qxb2 g6 25. Bf3 Nb4 26. d4 cxd4 27. Rxc8 Qxc8 28. Rxd4 a5 29. h5 e5 30. Rc4 Qf5 31. hxg6 Qxg6 32. a3 e4 33. axb4 exf3 34. exf3 f5 35. Rh4 Re1+ 36. Kg2 Qg7 37. Qxg7+ Kxg7 38. bxa5 bxa5 39. Ra4 1-0

[Event "December 12 Early 2023"]
[Site "https://www.chess.com"]
[Date "2023.12.12"]
[Round "1"]
[White "Zaichenko, Daria"]
[Black "Espinoza Villanueva, Rodrigo"]
[Result "0-1"]
[Board "190"]
[TimeControl "180+1"]
[WhiteFideId "4197453"]
[BlackFideId "5140188"]
[WhiteElo "2235"]
[BlackElo "2580"]
[WhiteTeam "RUS"]
[BlackTeam "MEX"]
[WhiteClock "0:00:03"]
[BlackClock "0:00:29"]

1. e4 c5 2. Nf3 e6 3. d4 cxd4 4. Nxd4 a6 5. c4 Qc7 6. Nc3 Nf6 7. Bd3 Nc6 8. Nf3 d6 9. O-O b6 10. Re1 Bb7 11. e5 dxe5 12. Qe2 Bd6 13. Bg5 Nd7 14. Rac1 O-O 15. Nd5 exd5 16. cxd5 Nc5 17. dxc6 Bxc6 18. b4 Nxd3 19. Qxd3 e4 20. Qc4 exf3 21. Qxc6 Bxh2+ 22. Kh1 fxg2+ 23. Kxg2 Qb8 24. Re7 Bf4 25. Rb7 Qe5 26. Bxf4 Qxf4 27. Rxb6 Rae8 28. Rc3 Re6 29. Qb7 Rg6+ 30. Rxg6 fxg6 31. Qd5+ Kh8 32. Rf3 Qg4+ 33. Rg3 Qxb4 34. a3 Qf4 35. Rf3 Qxf3+ 36. Qxf3 Rxf3 37. Kxf3 Kg8 38. Ke4 Kf7 39. Kd5 h5 40. a4 h4 41. Ke4 g5 42. Kf3 Kf6 43. Kg4 Kg6 44. f4 gxf4 45. Kxf4 Kf6 46. Kg4 Ke6 47. Kxh4 Kd5 48. Kg5 Kc4 49. Kg6 Kb4 50. Kxg7 Kxa4 51. Kf6 Kb3 52. Ke5 a5 53. Kf4 a4 54. Ke3 a3 55. Kd2 a2 0-1

[Event "December 12 Early 2023"]
[Site "https://www.chess.com"]
[Date "2023.12.12"]
[Round "1"]
[White "Kuzmin, Roman"]
[Black "De Souza, Cristiano Gomes"]
[Result "1-0"]
[Board "191"]
[TimeControl "180+1"]
[WhiteFideId "44134932"]
[BlackFideId "2151758"]
[WhiteElo "2579"]
[BlackElo "2235"]
[WhiteTeam "RUS"]
[BlackTeam "BRA"]
[WhiteClock "0:00:11"]
[BlackClock "0:00:00"]

1. e4 c5 2. Nf3 d6 3. d4 cxd4 4. Nxd4 Nf6 5. Nc3 a6 6. Be2 e5 7. Nb3 Be7 8. Be3 Nc6 9. O-O O-O 10. Nd5 Nxe4 11. Bb6 Qd7 12. f4 Nf6 13. Nxe7+ Qxe7 14. fxe5 Qxe5 15. Nd4 Bd7 16. Bf3 Rfe8 17. Nxc6 Bxc6 18. Bd4 Qe6 19. Bxf6 gxf6 20. Kh1 Rad8 21. Qd4 Qe5 22. Qg4+ Qg5 23. Qd4 Re6 24. Bxc6 bxc6 25. Rf3 Kh8 26. Raf1 Qe5 27. Qh4 Rg8 28. Rxf6 Rxf6 29. Qxf6+ Qxf6 30. Rxf6 Re8 31. Kg1 Re2 32. Rxd6 Rxc2 33. Rd8+ Kg7 34. Rb8 Kf6 35. h3 Kf5 36. Kh2 f6 37. a4 Kf4 38. Rb6 f5 39. Rxa6 Rxb2 40. Rxc6 Ra2 41. Rc4+ Ke3 42. Kg3 h5 43. Rf4 Kd3 44. Rxf5 Rxa4 45. Rxh5 Ra7 46. Rf5 Ke4 47. Rf3 Rg7+ 48. Kf2 Rh7 49. g4 Ke5 50. Kg3 Ke6 51. h4 Ke7 52. g5 Rh8 53. Kg4 Ra8 54. Rf4 Ra1 55. g6 Rg1+ 56. Kh5 Rg3 57. Kh6 Ke8 58. g7 1-0

[Event "December 12 Early 2023"]
[Site "https://www.chess.com"]
[Date "2023.12.12"]
[Round "1"]
[White "Rodriguez Avila, Alvaro"]
[Black "Ismagilov, Damir"]
[Result "1-0"]
[Board "192"]
[TimeControl "180+1"]
[WhiteFideId "24570249"]
[BlackFideId "34199982"]
[WhiteElo "2234"]
[BlackElo "2579"]
[WhiteTeam "ESP"]
[BlackTeam "RUS"]
[WhiteClock "0:00:03"]
[BlackClock "0:00:00"]

1. e4 e5 2. Nf3 Nc6 3. Bb5 a6 4. Ba4 Nf6 5. O-O Be7 6. Re1 b5 7. Bb3 O-O 8. a4 Bb7 9. d3 d6 10. c3 Na5 11. Ba2 c5 12. Nbd2 Qd7 13. axb5 axb5 14. Nf1 c4 15. Ng3 Rfc8 16. Nf5 Bf8 17. Bg5 Ne8 18. d4 Qe6 19. d5 Qd7 20. Qd2 f6 21. Be3 g6 22. Ng3 Rcb8 23. h4 Qg4 24. h5 Bc8 25. hxg6 hxg6 26. Nh2 Qh4 27. Qe2 f5 28. exf5 gxf5 29. Bd2 Ng7 30. Nf3 Qg4 31. Ng5 Qxe2 32. Nxe2 Nb7 33. b3 cxb3 34. Bxb3 Nc5 35. Bc2 Be7 36. Ng3 Bf6 37. Reb1 e4 38. Rxa8 Rxa8 39. Rxb5 Be5 40. Be3 Bd7 41. Rb6 Na4 42. Rb7 Be8 43. Rxg7+ Kxg7 44. Nxf5+ 1-0

[Event "December 12 Early 2023"]
[Site "https://www.chess.com"]
[Date "2023.12.12"]
[Round "1"]
[White "Hajiyev, Kanan"]
[Black "Monpeurt, Cyrielle"]
[Result "1-0"]
[Board "193"]
[TimeControl "180+1"]
[WhiteFideId "13404148"]
[BlackFideId "677400"]
[WhiteElo "2578"]
[BlackElo "2233"]
[WhiteTeam "AZE"]
[BlackTeam "FRA"]
[WhiteClock "0:02:07"]
[BlackClock "0:00:12"]

1. d4 Nf6 2. Nf3 c5 3. e3 d5 4. Be2 Nc6 5. O-O e6 6. b3 Be7 7. Bb2 O-O 8. dxc5 Bxc5 9. c4 dxc4 10. Bxc4 Qxd1 11. Rxd1 a6 12. Nc3 b5 13. Be2 Bb7 14. Rac1 Bb6 15. a4 b4 16. Nb1 Rfd8 17. Nbd2 Na5 18. Nc4 Nxb3 19. Nxb6 Nxc1 20. Rxc1 Rab8 21. Be5 Bxf3 22. Bxb8 Bxe2 23. f3 Rd1+ 24. Rxd1 Bxd1 25. Kf2 Nd5 26. Nxd5 exd5 27. a5 f6 28. Ke1 Ba4 29. Kd2 Kf7 30. Bd6 b3 31. Kc3 Ke6 32. Bf8 g6 33. Ba3 g5 34. Kb4 Bb5 35. Kxb3 Bf1 36. g3 Bg2 37. f4 gxf4 38. gxf4 Bf1 39. Kc3 Bb5 40. Kd4 Bf1 41. Bf8 Bb5 42. Kc5 h5 43. h4 Bf1 44. Bg7 Bb5 45. Kb6 Bf1 46. Kc7 Bb5 47. Kd8 Kf5 48. Ke7 Ke4 49. Kxf6 Kxe3 50. f5 d4 51. Bh6+ Ke2 52. Kg5 d3 53. Kxh5 d2 54. Bxd2 Kxd2 55. f6 Bc4 56. Kg6 Kc3 57. f7 Bxf7+ 58. Kxf7 Kb4 59. h5 Kxa5 60. h6 Kb4 61. h7 a5 62. h8=Q a4 63. Qb2+ Kc4 64. Ke6 1-0

[Event "December 12 Early 2023"]
[Site "https://www.chess.com"]
[Date "2023.12.12"]
[Round "1"]
[White "Onslow, Alfie"]
[Black "Taboas Rodriguez, Daniel"]
[Result "0-1"]
[Board "194"]
[TimeControl "180+1"]
[WhiteFideId "436976"]
[BlackFideId "2208466"]
[WhiteElo "2231"]
[BlackElo "2578"]
[WhiteTeam "ENG"]
[BlackTeam "ESP"]
[WhiteClock "0:00:00"]
[BlackClock "0:01:42"]

1. e4 e5 2. Bc4 Nf6 3. d3 Nc6 4. Nc3 Bc5 5. f4 d6 6. f5 Na5 7. Nf3 Nxc4 8. dxc4 h6 9. Qe2 b6 10. a3 a5 11. Nd5 Nxd5 12. cxd5 Ba6 13. c4 Qd7 14. Bd2 Qa4 15. Rc1 Qb3 16. Bc3 Bxc4 17. Nd2 Qxc3 18. Rxc3 Bxe2 19. Kxe2 a4 20. g4 O-O-O 21. h4 Kd7 22. h5 Ra8 23. Rf3 f6 24. Rd3 Ra5 25. Nb1 Rb5 0-1

[Event "December 12 Early 2023"]
[Site "https://www.chess.com"]
[Date "2023.12.12"]
[Round "1"]
[White "Guliev, Logman"]
[Black "Palmer, Reegan"]
[Result "1-0"]
[Board "195"]
[TimeControl "180+1"]
[WhiteFideId "13400061"]
[BlackFideId "14322145"]
[WhiteElo "2574"]
[BlackElo "2231"]
[WhiteTeam "AZE"]
[BlackTeam "RSA"]
[WhiteClock "0:01:14"]
[BlackClock "0:00:05"]

1. e4 c5 2. Nf3 d6 3. d4 cxd4 4. Nxd4 Nf6 5. Nc3 a6 6. f4 e5 7. Nf3 Nbd7 8. Bd3 Qc7 9. O-O Be7 10. Kh1 O-O 11. a4 Nc5 12. Qe2 Bg4 13. fxe5 dxe5 14. Bg5 Ne6 15. Be3 Rad8 16. Qf2 Bh5 17. Bb6 Ng4 18. Qg1 Qc6 19. h3 Nf4 20. hxg4 Bxg4 21. Bxd8 Bxf3 22. Rxf3 Bxd8 23. Nd5 Bg5 24. Nxf4 Bxf4 25. Qf2 g5 26. b3 g4 27. Rxf4 Qh6+ 28. Kg1 exf4 29. g3 f3 30. Re1 Rd8 31. e5 Qh3 32. Qh2 f2+ 33. Qxf2 Qh5 34. Qf5 Qh3 35. Re3 Rd4 36. e6 fxe6 37. Qxe6+ Kg7 38. Qe5+ 1-0

[Event "December 12 Early 2023"]
[Site "https://www.chess.com"]
[Date "2023.12.12"]
[Round "1"]
[White "Vincenti, Leonardo"]
[Black "Saravana, Krishnan P."]
[Result "0-1"]
[Board "196"]
[TimeControl "180+1"]
[WhiteFideId "28550820"]
[BlackFideId "5018382"]
[WhiteElo "2230"]
[BlackElo "2574"]
[WhiteTeam "ITA"]
[BlackTeam "IND"]
[WhiteClock "0:00:03"]
[BlackClock "0:01:05"]

1. e4 c6 2. d4 d5 3. e5 Qb6 4. c3 Bf5 5. Bd3 Bxd3 6. Qxd3 e6 7. Nf3 Nd7 8. h4 Ne7 9. h5 h6 10. Nbd2 c5 11. Qe2 Nc6 12. Nb3 cxd4 13. cxd4 a5 14. Be3 a4 15. Nc1 Bb4+ 16. Kf1 a3 17. Nd3 axb2 18. Qxb2 Qa6 19. Qe2 Bc3 20. Rc1 Bb4 21. Rc2 Be7 22. g3 O-O 23. Kg2 Nb6 24. Nd2 Nb4 25. Rc3 Nxa2 26. Rb3 Nb4 27. Rhb1 Nxd3 28. Qxd3 Nc4 29. Rxb7 Rfe8 30. Rc7 Rac8 31. Rxc8 Rxc8 32. Nb3 Qa2 33. Rc1 Rb8 34. Nd2 Nxe3+ 35. Qxe3 Bg5 36. f4 Rb2 37. Rd1 Be7 38. Kf3 Bb4 39. Ke2 Bxd2 40. Rxd2 Qc4+ 41. Qd3 Qxd3+ 42. Kxd3 Rb3+ 43. Kc2 Rxg3 44. Rf2 Rh3 45. f5 Rxh5 46. fxe6 fxe6 47. Rg2 Rh3 48. Rg1 g5 49. Rb1 Kg7 50. Rb7+ Kg6 51. Re7 Kf5 52. Rf7+ Ke4 53. Rf6 Kxd4 54. Rxe6 Rh2+ 55. Kd1 g4 56. Rg6 Kxe5 57. Rxg4 d4 58. Rg3 h5 59. Ra3 h4 60. Ra8 Ke4 61. Ra3 h3 62. Rb3 Rh1+ 63. Ke2 h2 64. Rh3 Ra1 65. Rh4+ Kd5 66. Kd3 h1=Q 67. Rxd4+ Ke5 68. Rg4 Qf3+ 69. Kd2 Rd1+ 70. Kc2 Qd3+ 71. Kb2 Rb1+ 72. Ka2 Qb3# 0-1

[Event "December 12 Early 2023"]
[Site "https://www.chess.com"]
[Date "2023.12.12"]
[Round "1"]
[White "Bettalli, Francesco"]
[Black "Adelman, Charles"]
[Result "1-0"]
[Board "197"]
[TimeControl "180+1"]
[WhiteFideId "2816453"]
[BlackFideId "2003597"]
[WhiteElo "2572"]
[BlackElo "2223"]
[WhiteTeam "ITA"]
[BlackTeam "USA"]
[WhiteClock "0:02:24"]
[BlackClock "0:01:47"]

1. d4 Nf6 2. Nc3 d6 3. e4 Nbd7 4. Nf3 e5 5. h3 Be7 6. Bc4 O-O 7. O-O c6 8. a4 a5 9. Bg5 Qe8 10. Re1 Bd8 11. Qd2 Bc7 12. d5 Qe7 13. Rad1 Nc5 14. b3 Bd7 15. Nh2 h6 16. Bxf6 Qxf6 17. Ng4 Qe7 18. Ne3 Rad8 19. f3 Bc8 20. Ne2 Bb6 21. Kh1 Kh8 22. Ng3 Kh7 23. Nef5 Bxf5 24. Nxf5 Qf6 25. c3 Bc7 26. Qa2 g6 27. Ne3 Nd7 28. b4 axb4 29. cxb4 Kg7 30. a5 Ra8 31. Qf2 Qg5 32. h4 Qe7 33. Qg3 Nf6 34. Nf5+ 1-0

[Event "December 12 Early 2023"]
[Site "https://www.chess.com"]
[Date "2023.12.12"]
[Round "1"]
[White "NastyaHn"]
[Black "Ginzburg, Yakov"]
[Result "1/2-1/2"]
[Board "198"]
[TimeControl "180+1"]
[BlackFideId "4157176"]
[WhiteElo "2223"]
[BlackElo "2569"]
[BlackTeam "RUS"]
[WhiteClock "0:00:04"]
[BlackClock "0:00:05"]

1. Nc3 d5 2. e4 Nf6 3. e5 d4 4. exf6 dxc3 5. fxg7 cxd2+ 6. Qxd2 Qxd2+ 7. Bxd2 Bxg7 8. O-O-O Nc6 9. Nf3 Bg4 10. Be2 O-O-O 11. Rhe1 Rhg8 12. h3 Bf5 13. g4 Bg6 14. Bc4 e6 15. Bg5 Rxd1+ 16. Rxd1 Ne5 17. Nxe5 Bxe5 18. Be3 a6 19. f4 Bf6 20. Bd3 Rd8 21. Bxg6 Rxd1+ 22. Kxd1 fxg6 23. b3 Kd7 24. Ke2 Kd6 25. Kd3 b5 26. c4 c6 27. Ke4 Bd8 28. c5+ Ke7 29. Bd4 Bc7 30. f5 gxf5+ 31. gxf5 Kf7 32. Bc3 Bg3 33. Bd4 h5 34. Kf3 Be1 35. Ke4 Bb4 36. Ke5 exf5 37. Kxf5 Bd2 38. Ke5 Ke7 39. Kf5 h4 40. Be5 Be1 41. Bd6+ Kf7 42. Bf4 Bf2 43. Bd6 Be3 44. Ke5 Bg1 45. Kf5 Bf2 46. Kg5 Bg3 47. Kf5 a5 48. a4 bxa4 49. bxa4 Bf2 50. Bc7 Be1 51. Bb6 Bd2 52. Bc7 Bb4 53. Bb6 Bc3 54. Bc7 Be1 55. Bb6 Bd2 56. Bc7 Be1 1/2-1/2

[Event "December 12 Early 2023"]
[Site "https://www.chess.com"]
[Date "2023.12.12"]
[Round "1"]
[White "Iskusnyh, Sergei"]
[Black "Kuchava, Ana"]
[Result "1-0"]
[Board "199"]
[TimeControl "180+1"]
[WhiteFideId "4120027"]
[BlackFideId "13605348"]
[WhiteElo "2569"]
[BlackElo "2219"]
[WhiteTeam "RUS"]
[BlackTeam "GEO"]
[WhiteClock "0:00:17"]
[BlackClock "0:00:00"]

1. d4 d5 2. c4 e6 3. Nf3 Nf6 4. g3 Bb4+ 5. Nbd2 O-O 6. Bg2 c5 7. cxd5 exd5 8. a3 Bxd2+ 9. Bxd2 cxd4 10. Nxd4 Nc6 11. Nxc6 bxc6 12. Rc1 Qb6 13. O-O Bf5 14. Be3 Qxb2 15. Bd4 Qxa3 16. Bc5 Qa6 17. Bxf8 Rxf8 18. Qd4 Rc8 19. e3 Bd3 20. Rfd1 Bb5 21. Ra1 Qb6 22. Rxa7 Qxd4 23. exd4 h6 24. Re1 Re8 25. Rxe8+ Nxe8 26. Ra8 Kf8 27. Rb8 Ke7 28. Bxd5 Nf6 29. Rb7+ Kd6 30. Bxf7 Ne4 31. Bg6 Nd2 32. Rxg7 Nf3+ 33. Kg2 Nxd4 34. Rh7 Be2 35. Rxh6 Bf3+ 36. Kf1 Ke5 37. Bd3 c5 38. Bc4 Nf5 39. Rh8 Kd4 40. Be2 Bd5 41. g4 Nd6 42. Rd8 Nf7 43. Rc8 Ne5 44. h4 Be6 45. Rd8+ Ke4 46. h5 c4 47. Re8 1-0

[Event "December 12 Early 2023"]
[Site "https://www.chess.com"]
[Date "2023.12.12"]
[Round "1"]
[White "Srivatsan Karthikeyan"]
[Black "Aghasiyev, Kamal"]
[Result "0-1"]
[Board "200"]
[TimeControl "180+1"]
[WhiteFideId "25684248"]
[BlackFideId "13402854"]
[WhiteElo "2219"]
[BlackElo "2566"]
[WhiteTeam "IND"]
[BlackTeam "AZE"]
[WhiteClock "0:00:09"]
[BlackClock "0:00:08"]

1. e4 e5 2. Nf3 Nc6 3. Bc4 Bc5 4. c3 Nf6 5. d3 d6 6. h3 h6 7. Be3 Bxe3 8. fxe3 O-O 9. O-O Be6 10. Nbd2 Re8 11. b4 d5 12. exd5 Nxd5 13. Bxd5 Qxd5 14. Qc2 Rad8 15. Ne1 a6 16. e4 Qd6 17. Rd1 a5 18. b5 Qc5+ 19. Kh1 Qxb5 20. Rb1 Qa6 21. Nb3 Qa7 22. Qf2 Qxf2 23. Rxf2 b6 24. Rd2 f5 25. exf5 Bxf5 26. Rbd1 a4 27. Nc1 Na5 28. Ne2 e4 29. Ng3 e3 30. Re2 Bg6 31. Nf1 Rf8 32. Nxe3 c5 33. c4 Nc6 34. Nf3 Bh5 35. g4 Rxf3 36. Kg2 Nd4 37. gxh5 Re8 38. Rde1 Ref8 39. Rd2 R3f4 40. Nd5 R4f7 41. Re7 Rxe7 42. Nxe7+ Kh7 43. Nd5 b5 44. Rf2 Rxf2+ 45. Kxf2 b4 46. Ke3 g6 47. hxg6+ Kxg6 48. Nb6 b3 49. axb3 a3 50. Nd5 a2 51. Nf4+ Kh7 52. b4 a1=Q 53. bxc5 Qg1+ 54. Ke4 Nc6 55. Ne6 Nb4 56. d4 Qh1+ 57. Ke5 Qxh3 58. Kd6 Kg8 59. d5 Kf7 60. c6 Qg3+ 61. Kd7 Na6 62. c7 Nxc7 63. Nxc7 Qf4 64. c5 Qf5+ 65. Kc6 h5 66. d6 h4 67. d7 Ke7 68. Nd5+ Kd8 69. Kd6 Qxd7+ 70. Ke5 Qxd5+ 71. Kxd5 h3 72. Ke4 h2 73. Kd5 h1=Q+ 0-1

[Event "December 12 Early 2023"]
[Site "https://www.chess.com"]
[Date "2023.12.12"]
[Round "1"]
[White "Martinez Fernandez, Adrian"]
[Black "Nechitaylo, Nikita"]
[Result "1-0"]
[Board "201"]
[TimeControl "180+1"]
[WhiteFideId "32049048"]
[BlackFideId "34138161"]
[WhiteElo "2565"]
[BlackElo "2219"]
[WhiteTeam "ESP"]
[BlackTeam "UKR"]
[WhiteClock "0:00:56"]
[BlackClock "0:00:00"]

1. e4 c5 2. Nf3 Nc6 3. Nc3 Nf6 4. h3 d5 5. exd5 Nxd5 6. Bc4 Nxc3 7. bxc3 e6 8. O-O Be7 9. d4 O-O 10. Qe2 b6 11. Rd1 Qc7 12. Bd3 Rd8 13. Ng5 Bxg5 14. Bxg5 f6 15. Be3 e5 16. dxc5 bxc5 17. Bxc5 Be6 18. Qh5 g6 19. Qh4 Qf7 20. a4 Na5 21. Rdb1 Rac8 22. Be3 Nc4 23. Bxa7 Qxa7 24. Qxf6 Qf7 25. Qh4 Nd2 26. Rb6 Bd5 27. Rf6 Qb7 28. Bxg6 Rf8 29. Rb6 Qe7 30. Qxe7 1-0

[Event "December 12 Early 2023"]
[Site "https://www.chess.com"]
[Date "2023.12.12"]
[Round "1"]
[White "Petrukhina, Olga"]
[Black "Kozusek, Daniel"]
[Result "0-1"]
[Board "202"]
[TimeControl "180+1"]
[WhiteFideId "13703935"]
[BlackFideId "349500"]
[WhiteElo "2218"]
[BlackElo "2562"]
[WhiteTeam "KAZ"]
[BlackTeam "WLS"]
[WhiteClock "0:00:00"]
[BlackClock "0:01:13"]

1. d4 d5 2. c4 e6 3. g3 dxc4 4. Nf3 Nc6 5. Bg2 a6 6. O-O Rb8 7. e3 b5 8. Qe2 Bb7 9. b3 cxb3 10. axb3 Nf6 11. Nc3 Bb4 12. Bb2 O-O 13. Rfc1 Re8 14. Na2 Bd6 15. Rd1 Nb4 16. Nxb4 Bxb4 17. Rac1 Be4 18. Bc3 Bxc3 19. Rxc3 Qd5 20. b4 Qb7 21. Rc5 Nd5 22. Qd2 Nxb4 23. Qxb4 Bxf3 24. Bxf3 Qxf3 25. Ra1 Qb7 26. Qc3 b4 27. Qb3 Red8 28. Rca5 Rd6 29. R1a4 Rc6 30. Ra1 Rc3 0-1

[Event "December 12 Early 2023"]
[Site "https://www.chess.com"]
[Date "2023.12.12"]
[Round "1"]
[White "Vakhidov, Shahzod"]
[Black "Borawski, Jakub"]
[Result "1-0"]
[Board "203"]
[TimeControl "180+1"]
[WhiteFideId "14205270"]
[BlackFideId "1143000"]
[WhiteElo "2561"]
[BlackElo "2215"]
[WhiteTeam "UZB"]
[BlackTeam "POL"]
[WhiteClock "0:01:50"]
[BlackClock "0:01:51"]

1. d4 Nf6 2. Nf3 e6 3. g3 b5 4. Bg2 Bb7 5. O-O d5 6. a4 b4 7. c4 dxc4 8. Qc2 Nbd7 9. a5 Bd5 10. Nbd2 b3 11. Qc3 Rb8 12. Nxc4 Bb4 13. Qxb3 Bxa5 14. Qa4 Bb6 15. Nxb6 axb6 16. Ne5 Bxg2 17. Kxg2 O-O 18. Nc6 Qc8 19. Ne7+ 1-0